 Dungeon Crawl Stone Soup version 0.31-a0-1074-g0b22e4e0f1 (webtiles) character file.

Game seed: 10738801164610629221

548 graki42 the Conjurer (level 7, -2/41 HPs)
             Began as an Octopode Conjurer on Nov 26, 2023.
             Was an Initiate of Sif Muna.
             Slain by a sleepcap (9 damage)
             ... on level 6 of the Dungeon.
             The game lasted 00:12:55 (4446 turns).

graki42 the Conjurer (Octopode Conjurer)            Turns: 4446, Time: 00:12:56

Health: -2/41      AC:  1    Str:  8    XL:     7   Next: 28%
Magic:  1/13       EV:  2    Int: 20    God:    Sif Muna [......]
Gold:   198        SH:  0    Dex: 11    Spells: 3/14 levels left

rFire   . . .        f - +2 dagger (venom)
rCold   . . .        (no shield)
rNeg    . . .        (helmet restricted)
rPois   .            (no amulet)
rElec   .            (no ring)
rCorr   .            (no ring)
SInv    .            (no ring)
Will    .....        (no ring)
Stlth   +++          (no ring)
HPRegen 0.26/turn    (no ring)
MPRegen 0.13/turn    (no ring)
                     (no ring)

%: no passive effects
@: sleeping
A: almost no armour, amphibious, 8 rings, camouflage 1, gelatinous body 1,
(nimble swimmer 1), tentacles
a: Renounce Religion


You were on level 6 of the Dungeon.
You worshipped Sif Muna.
Sif Muna was noncommittal.
You visited 2 branches of the dungeon, and saw 6 of its levels.

You collected 198 gold pieces.

Inventory:

Hand Weapons
 f - a +2 dagger of venom (weapon)
Wands
 l - a wand of paralysis (11)
Scrolls
 b - a scroll of amnesia
 c - 2 scrolls of poison
 d - 2 scrolls of enchant weapon
 g - a scroll of identify
 h - a scroll of noise
Potions
 a - 2 potions of magic
 e - a potion of resistance {unknown}
 i - a potion of lignification {unknown}
 k - a potion of attraction {unknown}
 m - a potion of mutation {unknown}
 n - a potion of curing {unknown}


   Skills:
 - Level 2.0 Dodging
 - Level 3.0 Stealth
 + Level 4.4 Spellcasting
 + Level 5.9 Conjurations
 + Level 3.0 Hexes
 + Level 2.0 Translocations


You had 3 spell levels left.
You knew the following spells:

 Your Spells              Type           Power      Damage    Failure   Level
a - Magic Dart            Conj           100%       1d8       1%          1
b - Searing Ray           Conj           56%        2d6       1%          2
c - Fulminant Prism       Conj/Hex       11%        3d9       19%         4
d - Iskenderun's Mystic   Conj/Tloc      20%        2d6       24%         4

Your spell library contained the following spells:

 Spells                   Type           Power      Damage    Failure   Level
 Dazzling Flash           Conj/Hex       44%        N/A       6%          3


Dungeon Overview and Level Annotations

Branches:
Dungeon (6/15)             Temple (1/1) D:6

Altars:
Ashenzari
Cheibriados
Elyvilon
Fedhas
Gozag
Hepliaklqana
Kikubaaqudgha
Nemelex Xobeh
Okawaru
Qazlal
Ru
Sif Muna
Trog
Uskayaw
Vehumet
Wu Jian
Xom
Yredelemnul
Zin
The Shining One

Shops:
D:2 *


Innate Abilities, Weirdness & Mutations

You cannot wear most types of armour.
You are amphibious.
You can wear up to eight rings at the same time.
Your skin changes colour to match your surroundings (Stealth+).
Your rubbery body absorbs attacks. (AC +1, EV +1)
((You are camouflaged when in or above water. (Stealth+)))
You have tentacles for arms and can constrict up to eight enemies at once.


Message History

Your Translocations skill increases to level 2!
Unknown command.
The sleepcap attacks as it pursues you! The sleepcap releases spores at you.
* * * LOW HITPOINT WARNING * * *
The sleepcap attacks as it pursues you! The sleepcap barely misses you.
The sleepcap attacks as it pursues you! The sleepcap misses you.
There is a staircase to the Ecumenical Temple here.
You hit the sleepcap. You grab the sleepcap.
The sleepcap is moderately damaged.
You constrict the sleepcap, but do no damage.
The sleepcap barely misses you.
Casting: Iskenderun's Mystic Blast (quite dangerous; 24% risk of failure)
Confirm with . or Enter, or press ? or * to list all spells.
You erupt in a blast of force!
The mystic blast hits the sleepcap.
The sleepcap is moderately damaged.
The sleepcap is knocked back by the mystic blast.
The sleepcap slams into the crystal wall!
You hear the rusting of a distant drain.
You constrict the sleepcap, but do no damage.
Unknown command.
You hit the sleepcap but do no damage.
You squeeze the sleepcap, but do no damage.
The sleepcap is moderately damaged.
You constrict the sleepcap. The sleepcap barely misses you.
You hit the sleepcap.
The sleepcap is poisoned.
The sleepcap is heavily damaged.
You constrict the sleepcap. The sleepcap closely misses you.
You hit the sleepcap. You squeeze the sleepcap.
The sleepcap is severely damaged.
You constrict the sleepcap, but do no damage.
The sleepcap barely misses you.
You hit the sleepcap but do no damage.
The sleepcap is severely damaged.
You constrict the sleepcap. The sleepcap releases spores at you.
* * * LOW HITPOINT WARNING * * *
You are engulfed in a cloud of soporific spores!
You fall asleep.
You lose your grip on the sleepcap.
The sleepcap releases spores at you!
You die...

.#......###......# .....#
#...##....# .....#
#...##....## ..
..†..###..#.......####..
..#)..#................#
....)?..##.†...#.#.....#
..##)......#..#.#.#....## ..
#.........#.#.#.#....### ..
#.#...##...#f@.#.........
........#..#.#.#.#.#.......#
.......###....#.#.#....#..#
........#.#....#.#...# #..##
.......##.##...÷...).##....
.........##....#....##..#
.......................#
...........[..#
...........#..#


You could see a sleepcap (very poisoned).

Vanquished Creatures
  A black bear (D:6)
  An ogre (D:3)
  A centaur (D:6)
  A hound (D:4)
  Jessica (D:3)
  Ijyb (D:4)
  2 orc wizards (D:3)
  6 adders
  5 worms
  4 dart slugs
  5 orcs
  5 ball pythons
  5 bats
  7 endoplasms
  15 giant cockroaches
  8 goblins
  9 hobgoblins
  8 kobolds
  2 quokkas
  2 frilled lizards
  4 rats
93 creatures vanquished.

Notes
Turn   | Place    | Note
-------+----------+-------------------------------------------
     0 | D:1      | graki42 the Octopode Conjurer began the quest for the Orb.
     0 | D:1      | Reached XP level 1. HP: 11/11 MP: 3/3
   153 | D:1      | Reached XP level 2. HP: 9/17 MP: 1/5
   156 | D:1      | Learned a level 2 spell: Searing Ray
   561 | D:1      | Reached XP level 3. HP: 21/21 MP: 3/6
  1160 | D:2      | Found Balixzewn's General Store.
  1586 | D:2      | Reached XP level 4. HP: 27/27 MP: 5/8
  1786 | D:2      | Identified the +11 short sword "Xiemn" {venom, rPois}
  2208 | D:2      | Reached skill level 5 in Conjurations
  2371 | D:2      | Learned a level 4 spell: Fulminant Prism
  2543 | D:3      | Noticed an ogre
  2549 | D:3      | Killed an ogre
  2550 | D:3      | Reached skill level 1 in Hexes
  2550 | D:3      | Reached XP level 5. HP: 31/31 MP: 5/10
  2626 | D:3      | Reached XP level 6. HP: 26/36 MP: 2/11
  2631 | D:3      | Learned a level 4 spell: Iskenderun's Mystic Blast
  2909 | D:3      | Noticed Jessica
  2915 | D:3      | Killed Jessica
  3746 | D:4      | Noticed Ijyb
  3753 | D:4      | Killed Ijyb
  4003 | D:4      | Reached skill level 1 in Translocations
  4151 | D:4      | You fall into a shaft and drop 2 floors!
  4190 | D:6      | Found a staircase to the Ecumenical Temple.
  4198 | D:6      | Reached XP level 7. HP: 2/41 MP: 3/13
  4204 | Temple   | Entered the Ecumenical Temple
  4370 | Temple   | Became a worshipper of Sif Muna the Loreminder
  4446 | D:6      | Slain by a sleepcap

Illustrated notes

Levels and vault maps discovered:
D:1:      dpeg_arrival_round_b, layout_loops_ring, minmay_hedge_maze,
          chequers_serial_rivers_micro_e
D:2:      minmay_roachtagon, layout_loops_ring, serial_shops, shop
D:3:      layout_basic, uniq_jessica
D:4:      layout_basic, gammafunk_ghost_necromancy, minmay_misc_feat_hallway,
          hex_large, chequers_garden, uniq_ijyb
D:6:      layout_layer_cave, minmay_temple_entry_grid,
          cheibrodos_sewer_entry_sluice, chequers_serial_rivers_large_a,
          grunt_ministairs_9
Temple:   nicolae_temple_slightly_damp_pantheon

Skill      XL: |  1  2  3  4  5  6  7 |
---------------+----------------------+-----
Stealth        | 3 |  3.0
Spellcasting   | 3 4 |  4.4
Conjurations   | 5 |  5.9
Hexes          | 1 2 3 |  3.0
Translocations | 1 2 |  2.0
Dodging        | |  2.0

Action                     |  1- 3 |  4- 6 |  7- 9 || total
---------------------------+-------+-------+-------++-------
  Melee: Dagger            |    11 |     6 |    13 ||    30
         Tentacles         |     4 |       |     2 ||     6
         Constrict         |     4 |       |     4 ||     8
         Unarmed           |     1 |       |       ||     1
         Punch             |       |       |     1 ||     1
   Cast: Magic Dart        |    63 |    55 |     1 ||   119
         Searing Ray       |     1 |    18 |     2 ||    21
         Iskenderun's Myst |       |       |     2 ||     2
    Use: Scroll            |       |     5 |       ||     5
   Stab: Sleeping          |       |     5 |       ||     5
 Armour: Skin              |     4 |    15 |    11 ||    30
  Dodge: Dodged            |    10 |    14 |    19 ||    43

Table legend: (Time is in decaauts)
 A = Elapsed time spent in this place.
 B = Non-inter-level travel time spent in this place.
 C = Inter-level travel time spent in this place.
 D = Time resting spent in this place.
 E = Time spent auto-exploring this place.
 F = Levels seen in this place.
 G = Mean time per level.
                   A        B        C        D        E       F      G
               +--------+--------+--------+--------+--------+-----+--------+
         Total |   4444 |   4381 |     63 |    187 |   3690 |   6 |  740.7 |
       Dungeon |   4256 |   4214 |     42 |     46 |   3690 |   5 |  851.2 |
        Temple |    187 |    166 |     21 |    141 |      0 |   1 |  187.0 |
               +--------+--------+--------+--------+--------+-----+--------+

Top non-repeatable levels by time:
     D:2: 1373 daAuts
     D:1: 1159 daAuts
     D:3: 916 daAuts
     D:4: 699 daAuts
  Temple: 187 daAuts
     D:6: 107 daAuts
